 Dungeon Crawl Stone Soup version 0.27-a0-1281-ge233d83751 (webtiles) character file.

Game seed: 8780792505764479252

1691 avis the Cleaver (level 8, -2/69 HPs)
             Began as a Deep Dwarf Fighter on June 13, 2021.
             Slain by Duvessa (5 damage)
             ... on level 6 of the Dungeon.
             The game lasted 00:29:46 (4773 turns).

avis the Cleaver (Deep Dwarf Fighter)               Turns: 4773, Time: 00:29:47

Health: -2/69      AC: 13    Str: 22    XL:     8   Next: 72%
Magic:  7/7        EV:  5    Int: 12    God:
Gold:   341        SH:  9    Dex: 12    Spells: 7/7 levels left

rFire    . . .     SeeInvis .   a - +2 broad axe
rCold    . . .     Faith    .   c - +0 kite shield
rNeg     . . .     Spirit   .   q - +0 chain mail
rPois    .         Reflect  .   g - +2 helmet {Int+3}
rElec    .         Harm     .   (no cloak)
rCorr    .         Rampage  .   (no gloves)
Will     +....                  o - +0 pair of boots
Stlth    ..........             (no amulet)
HPRegen  0.00/turn              (no ring)
MPRegen  0.10/turn              (no ring)

@: no status effects
A: damage resistance, heal wounds, sense surroundings 1, no regeneration
a: Heal Wounds


You were on level 6 of the Dungeon.
You visited 2 branches of the dungeon, and saw 7 of its levels.

You collected 341 gold pieces.

Inventory:

Hand Weapons
 a - a +2 broad axe (weapon)
 b - a +0 hunting sling
 d - a +1 whip of flaming
 e - a +0 battleaxe
Missiles
 f - 78 stones (quivered)
 l - 24 bolts
 w - 23 poisoned darts
Armour
 c - a +0 kite shield (worn)
 g - a +2 helmet of intelligence (worn)
 o - a +0 pair of boots (worn)
 q - a +0 chain mail (worn)
Magical Staves
 m - a staff of fire
Wands
 p - a wand of polymorph (3)
Scrolls
 h - 3 scrolls of teleportation
 j - 2 scrolls of blinking
 r - a scroll of holy word {unknown}
Potions
 i - a potion of berserk rage
 k - a potion of attraction
 n - 3 potions of curing
 s - 2 potions of flight
 t - a potion of magic {unknown}


   Skills:
 - Level 3.0 Fighting
 + Level 12.0 Axes
 - Level 3.2 Armour
 - Level 3.2 Shields


You had 7 spell levels left.
You didn't know any spells.
Your spell library contained the following spells:

 Spells                   Type           Power      Damage    Failure   Level
 Beastly Appendage        Tmut           0%         N/A       100%        1
 Wereblood                Tmut           0%         N/A       100%        2
 Spider Form              Tmut/Pois      0%         N/A       100%        3
 Ice Form                 Ice/Tmut       0%         N/A       100%        4


Dungeon Overview and Level Annotations

Branches:
Dungeon (6/15)             Temple (1/1) D:4

Altars:
Ashenzari
Cheibriados
Dithmenos
Elyvilon
Fedhas
Hepliaklqana
Kikubaaqudgha
Nemelex Xobeh
Qazlal
Ru
Sif Muna
Trog
Xom
Yredelemnul
Zin
The Shining One

Shops:
D:4 (

Annotations:
D:2 rod between statues.
D:6 Duvessa


Innate Abilities, Weirdness & Mutations

You are resistant to damage.
You can heal yourself by infusing magical energy.
You passively map a small area around you.
You do not regenerate.


Message History

t - a murky orange potion Duvessa hits you with a +0 rapier!
You block Dowan's attack.
You slash Duvessa!
Duvessa is moderately wounded.
You closely miss Dowan.
Duvessa drinks a potion.
Duvessa suddenly seems more resistant.
You block Duvessa's attack. Dowan barely misses you.
You hit Duvessa but do no damage.
Duvessa is moderately wounded.
You slash Dowan! You block Duvessa's attack.
Dowan gestures at you while chanting.
The puff of flame hits you but does no damage.
Duvessa hits you with a +0 rapier.
You hit Duvessa.
Duvessa is heavily wounded.
You slash Dowan!
You kill Dowan!
Duvessa screams, "No!
How DARE you!"
Duvessa goes berserk!
Duvessa hits you with a +0 rapier. x2
Your Axes skill increases to level 12!
You hit Duvessa but do no damage.
Duvessa is heavily wounded.
Duvessa hits you but does no damage. x2
You barely miss Duvessa.
Duvessa is heavily wounded.
Duvessa hits you with a +0 rapier! You block Duvessa's attack.
You slash Duvessa!
Duvessa is severely wounded.
You block Duvessa's attack. Duvessa hits you with a +0 rapier!
* * * LOW HITPOINT WARNING * * *
You slash Duvessa!
Duvessa is severely wounded.
Duvessa hits you with a +0 rapier.
* * * LOW HITPOINT WARNING * * *
You hit Duvessa but do no damage.
Duvessa is severely wounded.
Duvessa hits you with a +0 rapier!
* * * LOW HITPOINT WARNING * * *
Duvessa hits you with a +0 rapier!
You die...

, , ,, * , * , #. #. ,
#.# #.############# *
#.............# ..
#..........@..# * #.
#.........).e...... ,
.. #..................
*#.
#..................
#..#)###########......
* ###.#†## ...... *
,#.....<# * ......
#.#.#.## , * ####..,,
#.#.......#


You could see Duvessa (berserk, fast, resistant).

Vanquished Creatures
  Pikel (D:4)
  An ogre (D:5)
  2 necrophages (D:5)
  3 lemures (D:4)
  A wyvern zombie (D:4)
  5 scorpions
  Dowan (D:6)
  2 hounds
  A jelly (D:5)
  A bullfrog skeleton (D:4)
  2 iguanas (D:5)
  2 orc wizards
  Natasha (thrice) (D:2)
  A hound zombie (D:5)
  A hound skeleton (D:4)
  11 adders
  2 shadow imps (D:5)
  A worm (D:2)
  6 dart slugs
  2 orcs
  6 ball pythons
  7 bats
  11 endoplasms
  A giant cockroach (D:2)
  11 goblins
  11 hobgoblins
  13 jackals
  8 quokkas
  2 frilled lizards
  6 kobolds
  4 rats
  3 bushes (D:4)
132 creatures vanquished.

Vanquished Creatures (collateral kills)
  An adder (D:3)
  A hobgoblin (D:3)
  A frilled lizard (D:3)
3 creatures vanquished.

Grand Total: 135 creatures vanquished

Notes
Turn   | Place    | Note
-------+----------+-------------------------------------------
     0 | D:1      | avis the Deep Dwarf Fighter began the quest for the Orb.
     0 | D:1      | Reached XP level 1. HP: 20/20 MP: 1/1
   126 | D:1      | Reached XP level 2. HP: 14/28 MP: 2/2
   150 | D:1      | Reached skill level 3 in Axes
   467 | D:1      | Reached XP level 3. HP: 33/34 MP: 3/3
   716 | D:2      | Reached skill level 4 in Axes
   795 | D:2      | Found a faded altar of an unknown god.
   837 | D:2      | Noticed Natasha
   867 | D:2      | Killed Natasha
   868 | D:2      | Reached XP level 4. HP: 36/42 MP: 4/4
   881 | D:2      | Noticed Natasha
   889 | D:2      | Reached skill level 5 in Axes
   892 | D:2      | Killed Natasha
   929 | D:2      | Noticed Natasha
   940 | D:2      | Killed Natasha
   941 | D:2      | Reached XP level 5. HP: 13/49 MP: 5/5
  1118 | D:2      | Reached skill level 6 in Axes
  1667 | D:3      | Found a shadowy altar of Dithmenos.
  2235 | D:3      | Reached skill level 7 in Axes
  2235 | D:3      | Reached XP level 6. HP: 17/56 MP: 6/6
  2239 | D:3      | Found a large runed translucent door.
  2240 | D:3      | Found a large runed translucent door.
  2487 | D:3      | Found a glowing silver altar of Zin.
  2493 | D:3      | Found an ancient bone altar of Kikubaaqudgha.
  2684 | D:4      | Found a staircase to the Ecumenical Temple.
  2695 | Temple   | Entered the Ecumenical Temple
  3545 | D:4      | Noticed Pikel
  3588 | D:4      | Killed Pikel
  3589 | D:4      | Reached skill level 9 in Axes
  3589 | D:4      | Reached XP level 7. HP: 55/62 MP: 6/6
  3679 | D:4      | Found Buozezes's Antique Weapon Shoppe.
  3854 | D:5      | Entered Level 5 of the Dungeon
  3862 | D:5      | Reached skill level 10 in Axes
  4039 | D:5      | Reached XP level 8. HP: 62/69 MP: 7/7
  4122 | D:5      | Found a stormy altar of Qazlal.
  4296 | D:5      | Reached skill level 11 in Axes
  4760 | D:6      | Noticed Dowan
  4762 | D:6      | Noticed Duvessa
  4768 | D:6      | Killed Dowan
  4769 | D:6      | Reached skill level 12 in Axes
  4773 | D:6      | HP: 3/69 [Duvessa (14)]
  4773 | D:6      | Slain by Duvessa

Illustrated notes

Levels and vault maps discovered:
D:1:      nzn_arrival_crosshair, layout_basic, minmay_tetromino_t4
D:2:      minmay_chambers_of_twos, layout_basic,
          hellmonk_ecumenical_altar_zigzags, minmay_statues_item, uniq_natasha
D:3:      layout_basic, nicolae_dithmenos_shadow_blocks, jmf_multi_god_temple2,
          st_stairs_5, minmay_pentomino_pile
D:4:      layout_loops_cross, minmay_temple_entry_overgrown, serial_shops, shop,
          minmay_misc_feat_roman, minmay_hedge_maze, uniq_pikel
D:5:      layout_rooms, nicolae_qazlal_general_emergency, minmay_quadrilaterals
D:6:      layout_basic, nicolae_wu_jian_wuxing_cycle, lemuel_tele_altar,
          minmay_misc_feat_hallway, grunt_ministairs_11, uniq_duvessa,
          uniq_blork_the_orc
Temple:   minmay_temple_forest_path

Skill      XL: |  1  2  3  4  5  6  7  8 |
---------------+-------------------------+-----
Fighting       | 3 |  3.0
Axes           | 3 4 5 7 9 10 12 | 12.0
Armour         | |  3.2
Shields        | |  3.2

Action                   |  1- 3 |  4- 6 |  7- 9 || total
-------------------------+-------+-------+-------++-------
Melee: War axe           |   113 |    85 |       ||   198
       Broad axe         |       |   180 |   119 ||   299
 Fire: Hunting sling     |       |    10 |       ||    10
Throw: Dart              |       |       |     1 ||     1
       Throwing net      |       |       |     1 ||     1
 Abil: Heal Wounds       |     2 |     8 |     2 ||    12
  Use: Scroll            |     1 |     8 |     4 ||    13
       Potion            |       |     2 |       ||     2
Armor: Scale mail        |    70 |    47 |       ||   117
       Chain mail        |       |    77 |    52 ||   129
Dodge: Dodged            |    48 |    49 |    19 ||   116
Block: Kite shield       |    63 |   141 |    51 ||   255

Table legend: (Time is in decaauts)
 A = Elapsed time spent in this place.
 B = Non-inter-level travel time spent in this place.
 C = Inter-level travel time spent in this place.
 D = Time resting spent in this place.
 E = Time spent auto-exploring this place.
 F = Levels seen in this place.
 G = Mean time per level.
                   A        B        C        D        E       F      G
               +--------+--------+--------+--------+--------+-----+--------+
         Total |   5024 |   4688 |    336 |    213 |   2713 |   7 |  717.7 |
       Dungeon |   4659 |   4323 |    336 |    213 |   2366 |   6 |  776.5 |
        Temple |    364 |    364 |      0 |      0 |    347 |   1 |  364.0 |
               +--------+--------+--------+--------+--------+-----+--------+

Top non-repeatable levels by time:
     D:3: 1031 daAuts
     D:4: 1009 daAuts
     D:2: 990 daAuts
     D:5: 844 daAuts
     D:1: 726 daAuts
  Temple: 364 daAuts
     D:6: 57 daAuts
